 Dungeon Crawl Stone Soup version 0.26-a0-1107-g6118521029 (webtiles) character file.

Game seed: 3963041316827884346

12831 robertstho the Whirler (level 12, -21/89 HPs)
             Began as a Halfling Hunter on Dec 16, 2020.
             Was a High Priest of Okawaru.
             Demolished by a large slime creature (27 damage)
             ... on level 12 of the Dungeon.
             The game lasted 00:16:34 (12361 turns).

robertstho the Whirler (Halfling Hunter)           Turns: 12361, Time: 00:16:35

Health: -21/89     AC: 10    Str: 17    XL:     12   Next: 25%
Magic:  15/16      EV: 20    Int:  9    God:    Okawaru [*****.]
Gold:   463        SH:  0    Dex: 16    Spells: 11/11 levels left

rFire    + . .     SeeInvis +   C - +2 hunting sling (freeze)
rCold    . . .     Faith    .   (shield restricted)
rNeg     . . .     Spirit   .   D - +2 leather armour {rF+}
rPois    .         Reflect  .   J - +1 helmet {SInv}
rElec    .         Harm     .   r - +0 cloak
rCorr    .         Rampage  .   (no gloves)
Will     .....                  (no boots)
Stlth    +++++.....             i - amulet of magic regeneration
HPRegen  0.24/turn              w - ring of flight
MPRegen  0.40/turn              M - ring of stealth

@: heroism
A: small, mutation resistance 1
a: Heroism, Finesse, Renounce Religion, Evoke Flight


You were on level 12 of the Dungeon.
You worshipped Okawaru.
Okawaru was extremely pleased with you.
You visited 1 branch of the dungeon, and saw 12 of its levels.

You collected 600 gold pieces.
You spent 137 gold pieces at shops.

Inventory:

Hand Weapons
 b - a +0 short sword
 C - a +2 hunting sling of freezing (weapon)
 E - a +2 dagger of venom
 N - a cursed +5 trident
Missiles
 d - 11 sling bullets (quivered ammo)
 j - 240 stones
Armour
 p - a +0 ring mail
 r - a +0 cloak (worn)
 D - a +2 leather armour of fire resistance (worn)
 J - a +1 helmet of see invisible (worn)
Jewellery
 i - an amulet of magic regeneration (around neck)
 w - a ring of flight (left hand)
 M - a ring of stealth (right hand)
 O - an uncursed amulet of regeneration {unknown}
Wands
 v - a wand of iceblast (8)
 x - a wand of enslavement (13)
 F - a wand of digging (2)
 G - a wand of disintegration (27)
 P - a wand of flame (22)
Scrolls
 a - a scroll of enchant weapon {unknown}
 e - 11 scrolls of remove curse
 h - 4 scrolls of fear {unknown}
 k - 3 scrolls of fog {unknown}
 l - 3 scrolls of immolation {unknown}
 q - 4 scrolls of magic mapping {unknown}
 s - 2 scrolls of enchant armour {unknown}
 t - 5 scrolls of teleportation {unknown}
 u - 3 scrolls of blinking {unknown}
 y - 3 scrolls of noise {unknown}
 H - 3 scrolls of identify
 L - a scroll of holy word {unknown}
Potions
 c - 4 potions of might {unknown}
 f - 5 potions of curing
 g - 5 potions of cancellation
 m - 3 potions of flight
 n - 5 potions of brilliance
 o - 2 potions of heal wounds
 z - 2 potions of haste
 A - 3 potions of mutation
 B - 2 potions of ambrosia
 I - a potion of magic {unknown}
 K - a potion of attraction {unknown}


   Skills:
 * Level 10.7(15.7) Fighting
 * Level 17.4(22.4) Slings
 + Level 4.0(9.0) Armour
 + Level 3.4(8.4) Dodging
 + Level 2.6(7.6) Stealth
 * Level 6.6 Invocations
 + Level 0.4 Evocations


You had 11 spell levels left.
You didn't know any spells.
Your spell library contained the following spells:

 Spells                   Type           Power        Failure   Level
 Magic Dart               Conj           #...         43%         1
 Searing Ray              Conj           #.....       56%         2
 Dazzling Flash           Conj/Hex       #.....       80%         3
 Fulminant Prism          Conj/Hex       #.........   99%         4
 Iskenderun's Mystic Bla  Conj/Tloc      #.......     99%         4


Dungeon Overview and Level Annotations

Branches:
Dungeon (12/15)            Temple (0/1) D:6            Lair (0/6) D:8
    Orc (0/2) D:10

Altars:
Cheibriados
Dithmenos
Okawaru
Uskayaw
Vehumet
Yredelemnul
The Shining One

Shops:
D:8 *

Annotations:
D:3 1 runed translucent door, Boomaye's ghost, weakling GnDe
D:10 1 runed translucent door


Innate Abilities, Weirdness & Mutations

You are small and have problems with some larger weapons.
You are somewhat resistant to further mutation.


Message History

The sling bullet freezes the large slime creature.
The large slime creature is severely wounded.
You gain the combat prowess of a mighty hero.
The large slime creature hits you but does no damage.
Fire: 13 sling bullets
Press: ? - help, Q - select action, (/) - cycle Shift-Dir - straight line, f/p - large slime creature
Aim: a large slime creature (severely wounded)
You shoot a sling bullet.
The sling bullet completely misses the large slime creature.
The large slime creature hits you!
* * * LOW HITPOINT WARNING * * *
Fire: 12 sling bullets
Press: ? - help, Q - select action, (/) - cycle Shift-Dir - straight line, f/p - large slime creature
Aim: a large slime creature (severely wounded)
You shoot a sling bullet.
The sling bullet hits the large slime creature.
The sling bullet freezes the large slime creature.
The large slime creature is severely wounded.
The large slime creature hits you!!
You die...

##..( # #.!... .#
#..... ... #.....
(... #...# (....
#...#######(.(...
#...#....@J(....(
#...((.(<########
#...###### #...#
#...# ##+##..[#
##..##...#
#........##
#.........#


You could see a large slime creature.

Vanquished Creatures
  Harold (D:10)
  4 two-headed ogres
  A cyclops (D:11)
  An ugly thing (D:11)
  Joseph (D:7)
  Psyche (D:9)
  A kobold demonologist (D:10)
  2 komodo dragons (D:8)
  3 slime creatures (D:12)
  2 wyverns (D:8)
  4 yaks
  A basilisk (D:8)
  A steam dragon (D:11)
  Menkaure (D:5)
  An acid dragon (D:8)
  A water moccasin (D:11)
  2 ice beasts (D:6)
  5 orc warriors
  3 sky beasts
  An eye of draining (D:10)
  7 ogres
  2 centaurs
  2 necrophages
  2 phantoms
  9 bullfrogs
  A wyvern zombie (D:8)
  A water moccasin zombie (D:6)
  2 scorpions
  A wyvern skeleton (D:6)
  9 wights
  2 electric eels (D:7)
  A howler monkey (D:10)
  A bullfrog zombie (D:5)
  3 quasits
  2 bullfrog skeletons
  2 gnoll shamans
  5 hounds
  A jelly (D:6)
  10 orc priests
  8 orc wizards
  7 iguanas
  Natasha (thrice) (D:4)
  7 worker ants
  A killer bee zombie (D:7)
  A hound skeleton (D:5)
  A hound zombie (D:6)
  A howler monkey zombie (D:7)
  15 gnolls
  2 worker ant zombies
  7 adders
  A howler monkey skeleton (D:6)
  2 shadow imps
  A white imp (D:6)
  4 ufetubi
  An ooze (D:4)
  3 adder skeletons
  6 dart slugs
  2 worms
  2 leopard geckos
  58 orcs
  A ball python (D:4)
  5 bats
  6 giant cockroaches
  13 goblins
  5 hobgoblins
  3 jackals (D:7)
  4 quokkas
  5 frilled lizards
  A giant cockroach zombie (D:6)
  A jackal skeleton (D:5)
  5 kobolds
  2 kobold skeletons (D:10)
  2 leopard gecko skeletons
  A quokka skeleton (D:4)
  4 rats
291 creatures vanquished.

Vanquished Creatures (others)
  5 plants (D:7)
5 creatures vanquished.

Grand Total: 296 creatures vanquished

Notes
Turn   | Place    | Note
-------+----------+-------------------------------------------
     0 | D:1      | robertstho the Halfling Hunter began the quest for the Orb.
     0 | D:1      | Reached XP level 1. HP: 14/14 MP: 1/1
   109 | D:1      | Reached skill level 6 in Slings
   165 | D:1      | Reached XP level 2. HP: 19/19 MP: 2/2
   578 | D:1      | Reached XP level 3. HP: 24/24 MP: 3/3
   634 | D:1      | Reached skill level 7 in Slings
   986 | D:2      | Reached XP level 4. HP: 18/29 MP: 4/4
  1526 | D:3      | Noticed Boomaye's ghost (weakling GnDe)
  1555 | D:3      | Found a runed translucent door.
  1562 | D:3      | Reached skill level 8 in Slings
  1726 | D:3      | Reached XP level 5. HP: 20/34 MP: 5/5
  1907 | D:3      | Found a glowing golden altar of the Shining One.
  2249 | D:3      | Found an iron altar of Okawaru.
  2249 | D:3      | Found a shadowy altar of Dithmenos.
  2251 | D:3      | Found a radiant altar of Vehumet.
  2254 | D:3      | Found a basalt altar of Yredelemnul.
  2300 | D:3      | Became a worshipper of Warmaster Okawaru
  2371 | D:4      | Reached skill level 9 in Slings
  2437 | D:4      | Reached XP level 6. HP: 34/41 MP: 6/6
  2975 | D:4      | Reached * piety under Okawaru
  2976 | D:4      | Reached skill level 10 in Slings
  3232 | D:4      | Noticed a phantom
  3261 | D:4      | Killed a phantom
  3262 | D:4      | Reached skill level 1 in Armour
  3262 | D:4      | Reached skill level 1 in Invocations
  3262 | D:4      | Reached XP level 7. HP: 34/46 MP: 5/7
  3388 | D:4      | Noticed Natasha
  3399 | D:4      | Killed Natasha
  3406 | D:4      | Noticed Natasha
  3414 | D:4      | Killed Natasha
  3910 | D:4      | Noticed Natasha
  3923 | D:4      | Killed Natasha
  4023 | D:5      | Entered Level 5 of the Dungeon
  4026 | D:5      | Reached skill level 11 in Slings
  4050 | D:5      | Reached XP level 8. HP: 54/54 MP: 9/9
  4172 | D:5      | Found a hide-covered altar of Uskayaw.
  4224 | D:5      | Noticed Menkaure
  4235 | D:5      | Killed Menkaure
  4235 | D:5      | Reached ** piety under Okawaru
  4511 | D:5      | Reached skill level 12 in Slings
  5253 | D:6      | Reached XP level 9. HP: 60/60 MP: 11/11
  5266 | D:6      | Reached skill level 5 in Fighting
  5312 | D:6      | Reached skill level 13 in Slings
  5388 | D:6      | Reached *** piety under Okawaru
  5397 | D:6      | Found a snail-covered altar of Cheibriados.
  5400 | D:6      | Found a staircase to the Ecumenical Temple.
  5802 | D:6      | Received a gift from Okawaru
  6706 | D:7      | Reached skill level 14 in Slings
  7282 | D:7      | Noticed Joseph
  7302 | D:7      | Killed Joseph
  7303 | D:7      | Reached XP level 10. HP: 36/69 MP: 11/13
  8010 | D:8      | Noticed a two-headed ogre
  8022 | D:8      | Killed a two-headed ogre
  8022 | D:8      | Reached **** piety under Okawaru
  8062 | D:8      | Received a gift from Okawaru
  8071 | D:8      | Reached skill level 15 in Slings
  8251 | D:8      | Found Wuwoc's Assorted Antiques.
  8259 | D:8      | Bought a scroll labelled RECYDA KITOMIM for 28 gold pieces
  8259 | D:8      | Bought a scroll labelled UKHLYG ASCHUJAD QEMM for 28 gold
                  | pieces
  8259 | D:8      | Bought a scroll labelled IGEGAQ XIOHUZU for 28 gold pieces
  8259 | D:8      | Bought a viscous emerald potion for 25 gold pieces
  8259 | D:8      | Bought a scroll labelled IGEGAQ XIOHUZU for 28 gold pieces
  8286 | D:8      | Noticed a two-headed ogre
  8299 | D:8      | Killed a two-headed ogre
  8299 | D:8      | Reached ***** piety under Okawaru
  8300 | D:8      | Reached skill level 5 in Invocations
  8530 | D:8      | Noticed a komodo dragon
  8541 | D:8      | Killed a komodo dragon
  8542 | D:8      | Reached XP level 11. HP: 78/78 MP: 14/14
  8574 | D:8      | Found a staircase to the Lair.
  9049 | D:9      | Noticed Harold
  9063 | D:10     | Entered Level 10 of the Dungeon
  9123 | D:10     | Killed Harold
  9123 | D:10     | Received a gift from Okawaru
  9390 | D:10     | Noticed a two-headed ogre
  9404 | D:10     | Killed a two-headed ogre
  9405 | D:10     | Reached skill level 16 in Slings
  9591 | D:10     | Found a staircase to the Orcish Mines.
  9744 | D:10     | Found a runed translucent door.
  9765 | D:10     | Found a basalt altar of Yredelemnul.
  9820 | D:10     | Noticed a two-headed ogre
  9825 | D:10     | Killed a two-headed ogre
  9826 | D:10     | Reached skill level 10 in Fighting
 10675 | D:9      | Noticed Psyche
 10684 | D:9      | Killed Psyche
 11299 | D:11     | Noticed a cyclops
 11306 | D:11     | Killed a cyclops
 11307 | D:11     | Reached XP level 12. HP: 50/87 MP: 16/16
 11362 | D:11     | Reached skill level 17 in Slings
 12361 | D:12     | Demolished by a large slime creature

Illustrated notes

Levels and vault maps discovered:
D:1:      dpeg_arrival_arbitrary_b, layout_basic
D:2:      layout_rooms
D:3:      kennysheep_the_goblin_king, layout_loops_ring, tso_oasis_becter,
          minitemple, hellmonk_ghost_happy_afterlife, serial_park_tiny_pond
D:4:      layout_basic, uniq_natasha
D:5:      layout_loops_ring, eat_drink_and_be_merry_uskayaw, uniq_menkaure
D:6:      layout_rooms, minmay_temple_entry_stoned_glass, kennysheep_slug_shrine
D:7:      layout_layer_cave, serial_bayou_lagoon_a, uniq_joseph
D:8:      layout_rooms, erik_lair_dragon, serial_shops,
          nicolae_shop_temple_entry_statues_fountains
D:9:      layout_rooms, uniq_psyche, uniq_harold
D:10:     minmay_angry_zag, layout_loops_ring, david_orc_2,
          dk_yredelemnul_ordeal
D:11:     layout_layer_cave, hangedman_decor_lopped, serial_bayou_pond_e
D:12:     layout_gridville

Skill      XL: |  1  2  3  4  5  6  7  8  9 10 11 12 |
---------------+-------------------------------------+-----
Slings         | 6 7 8 9 10 11 12 14 15 16 17 | 17.4
Fighting       | 2 3 4 6 8 10 | 10.7
Armour         | 1 2 3 4 |  4.0
Invocations    | 1 2 4 5 6 |  6.6
Dodging        | 3 |  3.4
Stealth        | 2 |  2.6
Evocations     | |  0.4

Action                   |  1- 3 |  4- 6 |  7- 9 | 10-12 || total
-------------------------+-------+-------+-------+-------++-------
Melee: Short sword       |       |       |     3 |       ||     3
       Dagger            |       |       |    12 |    12 ||    24
       Punch             |       |       |       |     1 ||     1
 Fire: Hunting sling     |    72 |   193 |   433 |   623 ||  1321
Invok: Heroism           |       |     1 |     1 |     9 ||    11
Evoke: Wand              |       |       |     2 |     1 ||     3
  Use: Potion            |       |     2 |     3 |       ||     5
       Scroll            |       |       |     9 |       ||     9
Armor: Leather armour    |     2 |       |     1 |    15 ||    18
       Ring mail         |     3 |    24 |    20 |       ||    47
Dodge: Dodged            |    17 |    32 |    46 |   102 ||   197

Table legend: (Time is in decaauts)
 A = Elapsed time spent in this place.
 B = Non-inter-level travel time spent in this place.
 C = Inter-level travel time spent in this place.
 D = Time resting spent in this place.
 E = Time spent auto-exploring this place.
 F = Levels seen in this place.
 G = Mean time per level.
                   A        B        C        D        E       F      G
               +--------+--------+--------+--------+--------+-----+--------+
         Total |  11906 |  11495 |    411 |    586 |   9296 |  12 |  992.2 |
       Dungeon |  11906 |  11495 |    411 |    586 |   9296 |  12 |  992.2 |
               +--------+--------+--------+--------+--------+-----+--------+

Top non-repeatable levels by time:
     D:7: 1795 daAuts
     D:4: 1627 daAuts
    D:10: 1084 daAuts
     D:5: 1043 daAuts
     D:8: 1022 daAuts
     D:3: 903 daAuts
     D:6: 876 daAuts
    D:11: 867 daAuts
     D:1: 866 daAuts
     D:9: 854 daAuts
     D:2: 548 daAuts
    D:12: 416 daAuts
